 Seeded DCSS version 0.30.1-3-gfc49f6343a (webtiles) character file.

Game seed: 20230804 (custom seed)

933 AccursedSamuel the Ruffian (level 7, -1/61 (68) HPs)
             Began as a Troll Fighter on Aug 9, 2023.
             Was a Priest of Wu Jian.
             Slain by a wight
             ... wielding a +4 long sword
              (15 damage)
             ... on level 7 of the Dungeon.
             The game lasted 00:17:28 (3250 turns).

AccursedSamuel the Ruffian (Troll Fighter)          Turns: 3250, Time: 00:17:29

HP:   -1/61 (68)    AC:  4    Str: 27    XL:     7   Next: 86%
MP:   6/6           EV:  9    Int:  4    God:    Wu Jian [***...]
Gold: 311           SH:  8    Dex:  9    Spells: 6/6 levels left

rFire   . . .        s - +4 long sword
rCold   . . .        b - +0 kite shield
rNeg    . . .        a - +0 robe
rPois   +            (helmet restricted)
rElec   .            (no cloak)
rCorr   .            (gloves unavailable)
SInv    .            (boots unavailable)
Will    .....        (no amulet)
Stlth   +            g - ring of poison resistance
HPRegen 1.10/turn    (no ring)
MPRegen 0.10/turn

%: no passive effects
@: heavily drained
A: large, unfitting armour, claws 3, regeneration 1, shaggy fur 1, tough skin 1
a: Renounce Religion, Wall Jump, Serpent's Lash


You were on level 7 of the Dungeon.
You worshipped Wu Jian.
Wu Jian was most pleased with you.
You visited 2 branches of the dungeon, and saw 8 of its levels.
You also visited: Sewer.

You collected 311 gold pieces.

Inventory:

Hand Weapons
 m - a +0 dagger of draining
 n - the +1 war axe of Kemuffou {freeze, Int+3}
   (You found it on level 4 of the Dungeon)

   Int:       It affects your intelligence (+3).
 p - a +0 flail of holy wrath
 s - a +4 long sword (weapon)
Armour
 a - a +0 robe (worn)
 b - a +0 kite shield (worn)
Jewellery
 g - a ring of poison resistance (left claw)
Wands
 h - a wand of flame (9) (quivered)
Scrolls
 d - 7 scrolls of teleportation {unknown}
 i - a scroll of magic mapping {unknown}
 j - 5 scrolls of identify {unknown}
 o - 2 scrolls of fog {unknown}
 q - a scroll of enchant armour {unknown}
Potions
 c - a potion of might
 e - 2 potions of haste {unknown}
 f - 5 potions of mutation {unknown}
 k - a potion of magic {unknown}
 l - a potion of cancellation {unknown}
 r - a potion of lignification {unknown}


   Skills:
 + Level 3.6 Fighting
 + Level 3.9 Dodging
 + Level 1.0 Stealth
 + Level 4.5 Shields
 + Level 6.2 Unarmed Combat


You had 6 spell levels left.
You didn't know any spells.
Your spell library was empty.

Dungeon Overview and Level Annotations

Branches:
Dungeon (7/15)             Temple (1/1) D:5           Sewer (visited)

Altars:
Ashenzari
Dithmenos
Elyvilon
Fedhas
Hepliaklqana
Kikubaaqudgha
Makhleb
Nemelex Xobeh
Okawaru
Qazlal
Sif Muna
Uskayaw
Vehumet
Wu Jian
Yredelemnul
Zin
The Shining One

Shops:
D:5 :

Annotations:
D:5 1 runed translucent door, azzazzello's ghost, amateur GnWn


Innate Abilities, Weirdness & Mutations

You are too large for most types of armour.
You have claws for hands.
Your natural rate of healing is unusually fast.
You are covered in fur. (AC +1)
You have tough skin. (AC +1)


Message History

The wight is moderately damaged.
The wight closely misses you.
You slash the wight!
The wight is almost destroyed.
The wight closely misses you. The wight barely misses you.
You slash the wight!
You destroy the wight!
The Council accepts your kill.
You hit the wight.
The wight is lightly damaged.
You block the wight's attack. x2
You closely miss the wight.
The wight is lightly damaged.
The wight hits you with a +4 long sword!
* * * LOW HITPOINT WARNING * * *
You feel drained.
You hit the wight but do no damage.
The wight is lightly damaged.
You block the wight's attack.
The wight hits you with a +4 long sword!
* * * LOW HITPOINT WARNING * * *
You closely miss the wight.
The wight is lightly damaged.
The wight closely misses you.
You barely miss the wight.
The wight is lightly damaged.
The wight hits you with a +4 long sword.
* * * LOW HITPOINT WARNING * * *
The wight barely misses you.
You slash the wight!
The wight is heavily damaged.
The wight hits you with a +4 long sword.
* * * LOW HITPOINT WARNING * * *
You feel drained.
Unknown command.
You closely miss the wight.
The wight is heavily damaged.
The wight closely misses you.
The wight hits you with a +4 long sword!
You die...

............#
#..#
.....###.####
#..# (........#
#..# ....#.####
#########.[#
......#
#...z.z....#
.######
#.########......z
.# #.# ######## .
#z# #@# #.#
........#
#######.# #.# ###


You could see a wight.

Vanquished Creatures
  A steam dragon (D:7)
  An ogre (D:6)
  A scorpion (D:5)
  2 wights (D:7)
  5 hounds
  3 jellies
  An orc priest (D:4)
  An iguana (D:5)
  A sleepcap (D:7)
  6 gnolls
  7 adders
  4 river rats (Sewer)
  3 worms
  A dart slug (D:2)
  10 orcs
  7 endoplasms
  3 giant cockroaches
  6 goblins
  A hobgoblin (D:2)
  2 jackals (D:4)
  5 quokkas
  3 ball pythons (D:4)
  3 bats
  3 frilled lizards
  3 kobolds
  5 rats
88 creatures vanquished.

Notes
Turn   | Place    | Note
-------+----------+-------------------------------------------
     0 | D:1      | AccursedSamuel the Troll Fighter began the quest for the
                  | Orb.
     0 | D:1      | Reached XP level 1. HP: 22/22 MP: 0/0
    45 | D:1      | Found a faded altar of an unknown god.
    83 | D:1      | Prayed at the altar of an unknown god.
    83 | D:1      | Became a worshipper of the Wu Jian Council
    83 | D:1      | Reached * piety under Wu Jian
   286 | D:1      | Reached XP level 2. HP: 29/29 MP: 1/1
   418 | D:3      | Reached XP level 3. HP: 36/36 MP: 2/2
   688 | D:4      | Found a glowing drain.
   694 | D:4      | Reached XP level 4. HP: 43/45 MP: 3/3
   729 | Sewer    | Entered a sewer
   766 | Sewer    | Reached ** piety under Wu Jian
   871 | Sewer    | Reached skill level 3 in Unarmed Combat
   939 | Sewer    | Reached XP level 5. HP: 41/53 MP: 4/4
   954 | Sewer    | Found a viscous altar of Jiyva.
  1169 | D:4      | Reached skill level 4 in Unarmed Combat
  1235 | D:4      | Identified the +1 war axe of Kemuffou {freeze, Int+3}
  1269 | D:4      | Reached XP level 6. HP: 53/61 MP: 5/5
  1336 | D:4      | Found a sparkling altar of Nemelex Xobeh.
  1338 | D:4      | Found a radiant altar of Vehumet.
  1340 | D:4      | Found an ornate altar of the Wu Jian Council.
  1522 | D:4      | Reached *** piety under Wu Jian
  1623 | D:5      | Entered Level 5 of the Dungeon
  1626 | D:5      | Found Cuxkiss's Book Boutique.
  1689 | D:5      | Found a staircase to the Ecumenical Temple.
  1945 | Temple   | Entered the Ecumenical Temple
  2476 | D:5      | Found a broken altar of Ashenzari.
  2501 | D:5      | Found a blossoming altar of Fedhas.
  2543 | D:5      | You fall into a shaft and drop 1 floor!
  2622 | D:6      | Reached skill level 5 in Unarmed Combat
  2622 | D:6      | Reached XP level 7. HP: 44/67 MP: 6/6
  2658 | D:6      | Noticed a steam dragon
  2870 | D:5      | Found a runed translucent door.
  2871 | D:5      | Noticed azzazzello's ghost (amateur GnWn)
  2953 | D:6      | Found a glowing silver altar of Zin.
  2953 | D:6      | Noticed an angel
  3086 | D:7      | Found a burning altar of Makhleb.
  3180 | D:7      | Noticed a steam dragon
  3187 | D:7      | Killed a steam dragon
  3188 | D:7      | Reached skill level 1 in Stealth
  3215 | D:7      | Reached skill level 6 in Unarmed Combat
  3250 | D:7      | Slain by a wight

Illustrated notes

Levels and vault maps discovered:
D:1:      roderic_octagonal_star, layout_basic,
          hellmonk_ecumenical_altar_run_dry, minmay_box_of_dots
D:2:      layout_loops_ring
D:3:      layout_basic, serial_aquarium, aquarium_bridge_long_separate
          [aquarium_subvault_wall, aquarium_subvault_wall,
          aquarium_subvault_bridge, aquarium_subvault_wall,
          aquarium_subvault_bridge, aquarium_subvault_bridge],
          aquarium_window_1, aquarium_window_fake, aquarium_view_2d,
          aquarium_view_4, aquarium_pool_1
D:4:      layout_basic, gammafunk_temple_overflow_forgotten,
          portal_sewer_entry_b
D:5:      layout_rooms, mainiacjoe_overflow_two_lobes, temple_pool_b,
          serial_shops, nicolae_shop_window_shopping, ebering_ghost_inner_flame
D:6:      layout_layer_cave, grunt_temple_overflow_order_and_chaos_1,
          lightli_temple_of_fire, serial_shops, nicolae_shop_behind_doors
D:7:      layout_basic, makhleb_heckhound_becter, dreamdust_gnoll_shepherd
Temple:   compressed_dpeg_circular_temple

Skill      XL: |  1  2  3  4  5  6  7 |
---------------+----------------------+-----
Shields        | 3 4 |  4.5
Fighting       | 3 |  3.6
Dodging        | 3 |  3.9
Unarmed Combat | 3 4 5 6 |  6.2
Stealth        | 1 |  1.0

Action                     |  1- 3 |  4- 6 |  7- 9 || total
---------------------------+-------+-------+-------++-------
  Melee: Unarmed           |    62 |   198 |    53 ||   313
         Long sword        |       |       |    13 ||    13
Ability: Whirlwind         |    21 |    40 |       ||    61
         Lunge             |     3 |    10 |     5 ||    18
 Armour: Robe              |    18 |    39 |     5 ||    62
  Dodge: Dodged            |    25 |    58 |    20 ||   103
  Block: Kite shield       |    35 |    68 |    18 ||   121
